 Dungeon Crawl Stone Soup version 0.24-a0-182-gc7eaa07895 (webtiles) character file.

Game seed: 13696658774596495791

59645 MrRokkomies the Slinger (level 15, -8/101 HPs)
             Began as a Halfling Hunter on Mar 14, 2019.
             Was the Champion of Dithmenos.
             Engulfed by a cloud of flame (14 damage)
             ... in a volcano on Mar 15, 2019.
             The game lasted 01:55:59 (24150 turns).

MrRokkomies the Slinger (Halfling Hunter)          Turns: 24150, Time: 01:56:02

Health: -8/101     AC: 22    Str: 16    XL:     15   Next: 34%
Magic:  21/21      EV: 18    Int: 11    God:    Dithmenos [******]
Gold:   1533       SH: 14    Dex: 21    Spells: 6/20 levels left

rFire    + . .     SeeInvis .   a - +3 fustibalus
rCold    + + +     Gourm    .   w - +1 shield
rNeg     + . .     Faith    .   C - +9 ice dragon scales
rPois    +         Spirit   .   j - +1 hat
rElec    +         Reflect  .   (no cloak)
rCorr    +         Harm     .   M - +0 pair of gloves of Daudoacw {rN+ Dex+4 Stlth-}
MR       +....                  k - +0 pair of boots
Stlth    +.........             H - amulet of the acrobat
HPRegen  0.26/turn              D - ring of protection from cold
MPRegen  0.17/turn              l - ring of protection from fire

@: resistant, wreathed by umbra
A: small, mutation resistance 1
a: Shadow Step, Shadow Form, Renounce Religion


You were in a volcano.
You worshipped Dithmenos.
Dithmenos was exalted by your worship.
You were not hungry.

You visited 3 branches of the dungeon, and saw 19 of its levels.
You also visited: Ossuary, Gauntlet, Ice Cave and Volcano.

You collected 2028 gold pieces.
You spent 495 gold pieces at shops.

Inventory:

Hand Weapons
 a - a +3 fustibalus (weapon)
 b - the +1 dagger of Fragile Peace {elec, *Rage +Rage rC- Dex+8}
   (You found it on level 2 of the Lair of Beasts)

   Occasionally, upon striking a foe, it will discharge some electrical energy
   and cause terrible harm.
   It affects your dexterity (+8).
   It makes you vulnerable to cold.
   It lets you go berserk.
   It may make you go berserk in combat.
 v - a +0 blowgun
 I - a +3 scimitar of flaming
 L - a +1 antimagic falchion
Missiles
 d - 70 sling bullets (quivered)
 g - 218 stones
 u - 110 poisoned needles
 x - 4 throwing nets
 y - 7 needles of paralysis
 Q - 4 needles of confusion
 U - a curare-tipped needle
Armour
 j - a +1 hat (worn)
 k - a +0 pair of boots (worn)
 t - a scarf of repulsion
 w - a +1 shield (worn)
 B - a scarf of cloud immunity
 C - +9 ice dragon scales (worn)
 M - the +0 pair of gloves of Daudoacw (worn) {rN+ Dex+4 Stlth-}
   (You acquired it on level 9 of the Dungeon)

   It affects your dexterity (+4).
   It protects you from negative energy.
   It makes you less stealthy.
Jewellery
 l - a ring of protection from fire (right hand)
 s - a +4 ring of strength
 z - an uncursed ring of see invisible
 D - a ring of protection from cold (left hand)
 H - an amulet of the acrobat (around neck)
Wands
 n - a wand of iceblast (6)
 K - a wand of digging (15)
 N - a wand of polymorph (19)
 R - a wand of acid (31)
 V - a wand of flame (10)
Scrolls
 i - 2 scrolls of teleportation
 p - 7 scrolls of amnesia
 q - 7 scrolls of identify
 A - 3 scrolls of blinking
 T - a scroll of immolation
 X - 2 scrolls of fog
Potions
 e - 6 potions of brilliance
 h - 4 potions of lignification
 m - a potion of ambrosia
 o - a potion of cancellation
 r - 3 potions of flight
 E - 3 potions of curing
 F - 3 potions of invisibility
 J - a potion of berserk rage
 O - 4 potions of heal wounds
 P - a potion of haste
 Y - a potion of might
Miscellaneous
 W - a phantom mirror
Comestibles
 f - 36 rations


   Skills:
 - Level 9.0 Fighting
 - Level 14.0 Slings
 * Level 2.8 Armour
 - Level 11.0 Dodging
 - Level 5.3 Stealth
 * Level 11.5 Shields
 - Level 3.0 Spellcasting
 - Level 10.2 Charms
 - Level 6.0 Translocations
 - Level 4.0 Air Magic
 - Level 8.0 Invocations
 - Level 8.0 Evocations


You had 6 spell levels left.
You knew the following spells:

 Your Spells              Type           Power        Failure   Level  Hunger
a - Infusion              Chrm           ###.         4%          1    #......
b - Shroud of Golubria    Chrm/Tloc      ###.......   16%         2    ###....
c - Regeneration          Chrm/Necr      ##........   71%         3    ###....
d - Swiftness             Chrm/Air       ###.....     22%         2    ###....
e - Summon Butterflies    Summ           #.......     96%         1    #......
f - Silence               Hex/Air        #.........   100%        5    ######.

Your spell library contained the following spells:

 Spells                   Type           Power        Failure   Level  Hunger
 Apportation              Tloc           ##....       24%         1    #......
 Lesser Beckoning         Tloc           ##........   58%         3    ###....
 Animate Skeleton         Necr           N/A          96%         1    #......
 Beastly Appendage        Tmut           #.....       96%         1    #......
 Confusing Touch          Hex            #.....       96%         1    #......
 Summon Small Mammal      Summ           #...         96%         1    #......
 Passwall                 Tmut/Erth      #.......     99%         2    ###....
 Ignite Poison            Fire/Tmut/Pois #.......     100%        3    ###....
 Tukima's Dance           Hex            #.......     100%        3    ###....
 Cause Fear               Hex            #.........   100%        4    #####..
 Alistair's Intoxication  Tmut/Pois      #.......     100%        5    ######.
 Irradiate                Conj/Tmut      #.........   100%        5    ######.
 Iskenderun's Battlesphe  Conj/Chrm      ##......     100%        5    ######.
 Yara's Violent Unravell  Hex/Tmut       #.........   100%        5    ######.
 Deflect Missiles         Chrm/Air       ###.......   100%        6    #######
 Hydra Form               Tmut           #.........   100%        6    #######
 Invisibility             Hex            #.......     100%        6    #######
 Statue Form              Tmut/Erth      #........    100%        6    #######
 Dragon Form              Tmut           #.........   100%        7    #######
 Discord                  Hex            #.........   100%        8    #######


Dungeon Overview and Level Annotations

Branches:
Dungeon (11/15)            Temple (0/1) D:4            Lair (6/6) D:11
 Shoals (0/4) Lair:4        Snake (0/4) Lair:2        Slime (0/5) Lair:5
    Orc (2/2) D:11
    Elf: Orc:2

Altars:
Ashenzari
Dithmenos
Gozag
Okawaru
Qazlal
Vehumet
Yredelemnul

Shops:
D:6 [*

Annotations:
Volcano exclusion: obsidian statue


Innate Abilities, Weirdness & Mutations

You are small and have problems with some larger weapons.
You are somewhat resistant to further mutation.


Message History

Aim: a red devil, wielding a +0 trident of flaming (almost dead, umbra)
You shoot a sling bullet. The sling bullet hits the red devil.
You kill the red devil!
Dithmenos accepts your kill.
Your shadow shoots a sling bullet.
The sling bullet disappears in a puff of smoke!
You are engulfed in blazing flames.
You resist.
* * * LOW HITPOINT WARNING * * *
You are engulfed in blazing flames.
You resist.
* * * LOW HITPOINT WARNING * * *
Unknown command.
Wear which item? (? for menu, Esc to quit)
You are engulfed in blazing flames.
You resist.
Keep equipping yourself?
* * * LOW HITPOINT WARNING * * *
You emit a cloud of dark smoke.
You start putting on your armour.
You continue putting on your scarf of cloud immunity.
You are engulfed in blazing flames.
You resist.
You die...

#####.##..#...≈≈≈≈≈≈≈
#≈≈°°####.#..§§§§≈≈§≈
####°°≈≈#.###§§§≈§≈≈≈
#☼☼°°####.# ##§.≈≈≈≈≈
####°°○○#.# ##...≈≈≈
#○○°°####.# ###..≈§≈≈
####°°°°#.###8....§≈≈
#°°°°####.'........≈≈
####@°°°#####8.....≈≈
#°°°°#### ####....≈
#####)..# ####..
##.8# ### .# #


There were no monsters in sight!

Vanquished Creatures
  A minotaur (Gauntlet)
  4 hydras
  An ice dragon (Lair:6)
  Harold (Lair:2)
  A catoblepas (Lair:5)
  Erica (D:8)
  A merfolk avatar (Lair:6)
  A centaur warrior (D:11)
  A two-headed ogre (D:9)
  2 harpies
  5 manticores
  An orc sorcerer (Orc:1)
  4 ugly things
  A cyclops (D:10)
  2 merfolk sirens (Lair:4)
  13 elephants
  Psyche (D:10)
  A torpor snail (Lair:4)
  Maurice (D:9)
  11 spiny frogs
  3 ice statues (IceCv)
  An apocalypse crab (Gauntlet)
  5 black mambas
  5 rime drakes
  A centaur skeleton (D:11)
  12 komodo dragons
  2 trolls
  A red devil (Volcano)
  Grinder (D:5)
  3 polar bears
  A hornet (Lair:1)
  A merfolk (Lair:4)
  2 hippogriffs
  13 blink frogs
  10 dream sheep (Lair:4)
  A wraith (D:11)
  47 yaks
  6 fire bats (Volcano)
  7 humans
  4 basilisks
  10 wyverns
  2 hungry ghosts
  Grum (D:11)
  3 hogs (D:7)
  A soldier ant (Gauntlet)
  A warg (Orc:1)
  4 nagas (Lair:2)
  An acid dragon (D:11)
  12 porcupines
  Duvessa (D:5)
  4 water moccasins
  9 ice beasts
  13 orc warriors
  2 sky beasts
  4 phantoms
  5 black bears
  An eye of draining (D:9)
  13 crocodiles
  2 centaurs
  8 wolves
  14 ogres
  2 elf zombies (Ossuary)
  3 big kobolds
  22 bullfrogs
  Dowan (D:5)
  9 scorpions
  3 killer bees (D:10)
  2 electric eels
  4 howler monkeys
  5 lava snakes (Volcano)
  5 crimson imps
  A bullfrog zombie (D:9)
  A quasit (D:8)
  6 hounds
  A jelly (D:7)
  A gnoll shaman (D:7)
  2 bullfrog skeletons
  16 orc priests
  2 human zombies (Ossuary)
  7 iguanas
  24 orc wizards
  7 worker ants
  10 hell rats (Lair:6)
  A killer bee zombie (D:7)
  2 big kobold zombies (Ossuary)
  A hound skeleton (D:5)
  2 mummies (Ossuary)
  15 gnolls
  3 worker ant zombies
  19 adders
  A howler monkey skeleton (D:9)
  15 white imps
  An ooze (D:5)
  An adder zombie (Ossuary)
  3 worms
  2 dart slugs
  8 leopard geckos
  63 orcs
  7 bats
  5 giant cockroaches
  2 goblins (D:2)
  2 hobgoblins
  18 jackals
  18 kobolds
  8 quokkas
  2 ball pythons
  9 frilled lizards
  3 goblin zombies
  8 hobgoblin zombies (Ossuary)
  A jackal skeleton (D:8)
  A jackal zombie (D:5)
  8 kobold zombies (Ossuary)
  A leopard gecko zombie (D:9)
  11 orc zombies (Ossuary)
  A quokka zombie (D:9)
  12 rats
  2 rat zombies (Ossuary)
  A butterfly (Lair:5)
  A fungus (Lair:6)
  A plant (Lair:5)
684 creatures vanquished.

Vanquished Creatures (collateral kills)
  A dire elephant (Lair:6)
1 creature vanquished.

Vanquished Creatures (others)
  A water moccasin (Lair:1)
  A porcupine (Lair:1)
  48 fungi
  32 plants
82 creatures vanquished.

Grand Total: 767 creatures vanquished

Notes
Turn   | Place    | Note
-------+----------+-------------------------------------------
     0 | D:1      | MrRokkomies the Halfling Hunter began the quest for the
                  | Orb.
     0 | D:1      | Reached XP level 1. HP: 14/14 MP: 1/1
   186 | D:1      | Reached XP level 2. HP: 18/19 MP: 2/2
   320 | D:1      | Reached skill level 6 in Slings
   848 | D:2      | Reached XP level 3. HP: 5/24 MP: 3/3
  1114 | D:2      | Found a faded altar of an unknown god.
  1125 | D:2      | Became a worshipper of Dithmenos the Shadowed
  1125 | D:2      | Reached * piety under Dithmenos
  1597 | D:2      | Reached XP level 4. HP: 24/30 MP: 4/4
  1858 | D:3      | Reached XP level 5. HP: 35/36 MP: 5/5
  1944 | D:3      | Reached ** piety under Dithmenos
  1959 | D:3      | Reached skill level 1 in Shields
  2692 | D:3      | Reached XP level 6. HP: 25/42 MP: 6/6
  2982 | D:4      | Reached skill level 7 in Slings
  2988 | D:4      | Noticed an ogre
  2993 | D:4      | Killed an ogre
  2993 | D:4      | Reached XP level 7. HP: 48/48 MP: 7/7
  3298 | D:4      | Found a staircase to the Ecumenical Temple.
  3539 | D:4      | Reached XP level 8. HP: 54/54 MP: 8/8
  3687 | D:4      | Reached skill level 5 in Fighting
  3694 | D:4      | Reached *** piety under Dithmenos
  3951 | D:5      | Entered Level 5 of the Dungeon
  4111 | D:5      | Reached skill level 8 in Slings
  4111 | D:5      | Reached skill level 5 in Shields
  4340 | D:5      | Noticed Duvessa
  4343 | D:5      | Noticed Dowan
  4371 | D:5      | Killed Duvessa
  4381 | D:5      | Killed Dowan
  4663 | D:5      | Found a radiant altar of Vehumet.
  4663 | D:5      | Found an iron altar of Okawaru.
  4664 | D:5      | Found a shadowy altar of Dithmenos.
  4900 | D:5      | Noticed Grinder
  4930 | D:5      | Killed Grinder
  4930 | D:5      | Reached XP level 9. HP: 57/63 MP: 9/9
  5010 | D:5      | Reached skill level 9 in Slings
  5011 | D:5      | Found an iron altar of Okawaru.
  5261 | D:6      | Found Voepeh's Assorted Antiques.
  5510 | D:6      | Found a sand-covered staircase.
  5525 | Ossuary  | Entered an ossuary
  5544 | Ossuary  | Reached **** piety under Dithmenos
  6031 | D:6      | Reached ***** piety under Dithmenos
  6129 | D:6      | Found Eliyxt's Armour Shoppe.
  6312 | D:6      | Reached skill level 10 in Slings
  6332 | D:6      | Reached XP level 10. HP: 34/72 MP: 10/10
  7559 | D:7      | Found an opulent altar of Gozag.
  7562 | D:7      | Reached skill level 5 in Dodging
  7619 | D:7      | Reached skill level 11 in Slings
  7890 | D:7      | Reached skill level 1 in Invocations
  7978 | D:7      | Reached XP level 11. HP: 50/80 MP: 12/12
  8535 | D:8      | Noticed Erica
  8565 | D:8      | Killed Erica
  9171 | D:6      | Bought a fustibalus for 495 gold pieces
  9332 | D:9      | Reached skill level 5 in Invocations
  9442 | D:9      | Noticed a two-headed ogre
  9457 | D:9      | Killed a two-headed ogre
  9457 | D:9      | Reached skill level 12 in Slings
  9631 | D:9      | Noticed Maurice
  9645 | D:9      | Killed Maurice
  9991 | D:9      | Identified a scroll of acquirement
  9992 | D:9      | Got a pair of shimmering gloves
  9998 | D:9      | Identified the +0 pair of gloves of Daudoacw {rN+ Dex+4
                  | Stlth-} (You acquired it on level 9 of the Dungeon)
 10316 | D:9      | Found a shattered altar of Ashenzari.
 10436 | D:10     | Entered Level 10 of the Dungeon
 10461 | D:10     | Noticed Psyche
 10582 | D:11     | Noticed a centaur warrior
 10596 | D:11     | Killed a centaur warrior
 10601 | D:11     | Found a staircase to the Orcish Mines.
 10608 | D:11     | Found a gate leading to a gauntlet.
 10608 | D:11     | Noticed Grum
 10615 | D:11     | Reached ****** piety under Dithmenos
 10618 | D:11     | Killed Grum
 10630 | Gauntlet | Entered a Gauntlet
 10630 | Gauntlet | Found a transporter.
 10630 | Gauntlet | Found a transporter.
 10632 | Gauntlet | Noticed a wizard
 10839 | Gauntlet | Upgraded the game from 0.24-a0-181-gd121a6d4c0 to
                  | 0.24-a0-182-gc7eaa07895
 10846 | Gauntlet | Found a transporter.
 10847 | Gauntlet | Found a transporter.
 10850 | Gauntlet | Found a transporter.
 10850 | Gauntlet | Found a transporter.
 10882 | Gauntlet | Found a transporter.
 10886 | Gauntlet | Found a transporter.
 10894 | Gauntlet | Found a transporter.
 10904 | Gauntlet | Noticed a death ooze
 10911 | Gauntlet | Found a transporter.
 10925 | Gauntlet | Found a transporter.
 10929 | Gauntlet | Found a transporter.
 10930 | Gauntlet | Noticed a queen ant
 11173 | Gauntlet | Reached XP level 12. HP: 49/85 MP: 17/17
 11357 | Gauntlet | Noticed a minotaur
 11384 | Gauntlet | Killed a minotaur
 11402 | Gauntlet | Got a shadowed robe
 11404 | Gauntlet | Identified the Volume of Self-Improvement
 11407 | Gauntlet | Identified Demakol's Compendium of Changing
 11428 | D:11     | Identified the +4 robe of the Princeling {rPois rC+ Slay-5}
                  | (You found it in a Gauntlet)
 11440 | D:11     | Learned a level 1 spell: Infusion
 11443 | D:11     | Learned a level 2 spell: Shroud of Golubria
 11447 | D:11     | Learned a level 3 spell: Regeneration
 11450 | D:11     | Learned a level 2 spell: Swiftness
 11452 | D:11     | Learned a level 1 spell: Summon Butterflies
 11645 | D:10     | Reached skill level 1 in Charms
 11676 | D:10     | Killed Psyche
 11816 | D:10     | Identified the +4 hand crossbow of the Enemy {freeze, -Tele
                  | rC+ Str+4 Int+4}
 11975 | D:10     | Reached skill level 13 in Slings
 12457 | D:9      | Found a basalt altar of Yredelemnul.
 12461 | D:9      | Found a stormy altar of Qazlal.
 12553 | D:11     | Reached skill level 10 in Dodging
 12606 | D:11     | Found a staircase to the Lair.
 13035 | D:11     | Reached skill level 5 in Charms
 13208 | D:11     | Noticed a four-headed hydra
 13216 | D:11     | Killed a four-headed hydra
 13511 | Lair:1   | Entered Level 1 of the Lair of Beasts
 13547 | Lair:1   | Reached XP level 13. HP: 86/90 MP: 19/19
 13604 | Lair:1   | Reached skill level 1 in Evocations
 13993 | Lair:1   | Reached skill level 14 in Slings
 14220 | Lair:1   | Noticed a four-headed hydra
 14229 | Lair:1   | Killed a four-headed hydra
 14796 | Lair:2   | Found a frozen archway.
 14831 | IceCv    | Entered an ice cave
 14903 | IceCv    | Reached skill level 5 in Evocations
 15763 | IceCv    | Got ichor-stained ice dragon scales
 15764 | IceCv    | Identified the +1 ice dragon scales of Fun {rElec rF- rC++
                  | rCorr Slay-4 Stlth+} (You found it in an ice cave)
 15895 | Lair:2   | Found a staircase to the Snake Pit.
 15966 | Lair:2   | Got an ichor-stained dagger
 15967 | Lair:2   | Identified the +1 dagger of Fragile Peace {elec, *Rage
                  | +Rage rC- Dex+8} (You found it on level 2 of the Lair of
                  | Beasts)
 16055 | Lair:2   | Reached skill level 1 in Air Magic
 16197 | Lair:2   | Noticed Harold
 16217 | Lair:2   | Killed Harold
 16378 | Lair:2   | Noticed a five-headed hydra
 16389 | Lair:2   | Killed a five-headed hydra
 17005 | Lair:3   | Noticed a four-headed hydra
 17023 | Lair:3   | Killed a four-headed hydra
 17357 | Lair:3   | Reached XP level 14. HP: 79/97 MP: 20/20
 17709 | Lair:3   | Reached skill level 1 in Translocations
 18447 | Lair:4   | You fall through a shaft for 2 floors!
 18447 | Lair:6   | Entered Level 6 of the Lair of Beasts
 18454 | Lair:5   | Found a staircase to the Slime Pits.
 18810 | Lair:5   | You fall through a shaft!
 19006 | Lair:5   | Reached skill level 5 in Translocations
 19841 | Lair:4   | You fall through a shaft!
 20048 | Lair:4   | Reached skill level 5 in Stealth
 20271 | Lair:4   | Reached skill level 1 in Spellcasting
 20283 | Lair:4   | Found a staircase to the Shoals.
 20912 | Lair:5   | Reached skill level 10 in Shields
 21503 | Lair:5   | Learned a level 5 spell: Silence
 21629 | Lair:6   | Reached XP level 15. HP: 70/101 MP: 21/21
 22446 | Lair:6   | Reached skill level 10 in Charms
 23250 | Orc:1    | Entered Level 1 of the Orcish Mines
 23371 | Orc:1    | Reached skill level 1 in Armour
 23560 | Orc:2    | Entered Level 2 of the Orcish Mines
 23794 | Orc:1    | Found a dark tunnel.
 23950 | Volcano  | Entered a volcano
 24150 | Volcano  | Engulfed by a cloud of flame

Levels and vault maps discovered:
D:1:      nzn_arrival_water_spiral, layout_basic
D:2:      layout_loops_ring, chequers_ecumenical_altar_simple_redux,
          corner_web_ring
D:3:      layout_rooms, first_ration
D:4:      wad_crossroads, layout_basic, minmay_temple_entry_overgrown
D:5:      layout_basic, gammafunk_temple_overflow_claw, okawaru_trees_1,
          uniq_grinder, uniq_duvessa
D:6:      layout_basic, enter_ossuary_4, serial_shops, shop_statue, shop,
          minmay_ruffians
D:7:      layout_gridville, lemuel_doored_altar, grunt_livestock
D:8:      layout_rooms, uniq_erica
D:9:      layout_stronghold, nicolae_overflow_hidden_temple, uniq_maurice
D:10:     layout_small_grid, minmay_checkerbox, uniq_psyche
D:11:     layout_loops_corners, due_lair_maze_entry_diamond, orc_0_dummy,
          gauntlet_entry_generic, kennysheep_small_square, uniq_grum
Lair:1:   minmay_lair_venomous_thicket, layout_chaotic_city,
          lemuel_old_faithful, grunt_megastairs_3
Lair:2:   layout_cave_pods, minmay_snake_entry_guardpost_small,
          portal_ice_cave_entry_imps, beast_lair_carwin_7, grunt_megastairs_2,
          lemuel_fruit_fields, uniq_harold
Lair:3:   layout_roguey, infiniplex_staircase_pool_2, grunt_megastairs_1,
          lemuel_fruit_fields
Lair:4:   layout_loops_ring, elwin_shoals_entry_rooms, grunt_megastairs_4
Lair:5:   layout_misc_corridors, slime_dummy, grunt_megastairs_5,
          lemuel_fruit_fields, infiniplex_staircase_pool
Lair:6:   gammafunk_lair_ancient_temple, layout_small_grid,
          bobbens_ice_dragon_lair, lemuel_fruit_tree
Orc:1:    layout_caves, nicolae_volcano_entry_hallway
Orc:2:    st_orc_ogre_mass, layout_diamond_mine, basic_altar,
          minmay_orc_temple_b
Ossuary:  ossuary_tomb_1
IceCv:    ice_cave_statue_garden_chambered
Volcano:  volcano_grotto [vgs_trial_by_fire]
Gauntlet: minmay_gauntlet_77_indecision [minmay_gauntlet_arena_77_squiggly,
          minmay_gauntlet_arena_77_tiled_triplets,
          minmay_gauntlet_arena_77_two_lines, minmay_gauntlet_arena_77_braids,
          minmay_gauntlet_arena_77_radiant_squares,
          minmay_gauntlet_arena_77_museum,
          nicolae_gauntlet_exit_dead_adventurers]

Skill      XL: |  1  2  3  4  5  6  7  8  9 10 11 12 13 14 15 |
---------------+----------------------------------------------+-----
Fighting       | 2 3 4 6 7 9 |  9.0
Slings         | 6 7 8 10 11 12 13 14 | 14.0
Dodging        | 3 4 6 9 11 | 11.0
Shields        | 1 3 4 6 8 9 10 11 | 11.5
Invocations    | 2 7 8 |  8.0
Charms         | 5 9 10 | 10.2
Evocations     | 6 8 |  8.0
Air Magic      | 3 4 |  4.0
Translocations | 6 |  6.0
Stealth        | 5 |  5.3
Spellcasting   | 3 |  3.0
Armour         | 2 |  2.8

Action                   |  1- 3 |  4- 6 |  7- 9 | 10-12 | 13-15 || total
-------------------------+-------+-------+-------+-------+-------++-------
Melee: Short sword       |    38 |       |     6 |    50 |       ||    94
       Hand axe          |     6 |       |       |       |       ||     6
       Falchion          |     8 |    26 |     3 |       |       ||    37
       Hunting sling     |       |     1 |       |       |       ||     1
       Scimitar          |       |       |       |    35 |       ||    35
 Fire: Hunting sling     |    71 |   164 |   561 |   457 |       ||  1253
       Blowgun           |       |       |    13 |    27 |       ||    40
       Fustibalus        |       |       |       |   612 |  1615 ||  2227
Throw: Throwing net      |       |     1 |     1 |       |       ||     2
 Cast: Infusion          |       |       |       |       |     7 ||     7
       Shroud of Golubri |       |       |       |       |     3 ||     3
       Swiftness         |       |       |       |       |     2 ||     2
       Regeneration      |       |       |       |       |     1 ||     1
Evoke: Wand              |       |       |       |     6 |     6 ||    12
       Box of beasts     |       |       |       |       |     1 ||     1
  Use: Scroll            |     3 |     4 |    11 |    15 |    21 ||    54
       Potion            |       |       |     1 |     2 |     1 ||     4
  Eat: Chunk             |     1 |     5 |    10 |    14 |    18 ||    48
       Ration            |       |       |       |     2 |     5 ||     7
Armor: Leather armour    |     1 |       |    16 |    45 |    42 ||   104
       Ring mail         |    14 |    25 |     2 |       |       ||    41
       Ice dragon scales |       |       |       |       |    23 ||    23
Dodge: Dodged            |    49 |    34 |    91 |   236 |   500 ||   910
       Deflected         |       |       |       |    10 |     8 ||    18
Block: Shield            |       |    21 |   100 |   226 |   511 ||   858
       Rpst.: Falchion   |     2 |     1 |     1 |       |       ||     4
       Scimitar          |       |       |       |     5 |       ||     5

Table legend:
 A = Non-vault XP
 B = Vault XP
 C = Vault XP percentage of total XP
 D = Non-vault monster count
 E = Vault monster count
 F = Vault count percentage of total count
                 A         B        C        D         E       F
            +---------+---------+-------+---------+---------+-------
      Total |   49762 |   35446 |  41.6 |     485 |     197 |  28.9
            +---------+---------+-------+---------+---------+-------
        D:1 |      19 |       0 |   0.0 |      12 |       0 |   0.0
        D:2 |      52 |       0 |   0.0 |      22 |       0 |   0.0
        D:3 |     296 |       0 |   0.0 |      43 |       0 |   0.0
        D:4 |     547 |     155 |  22.1 |      19 |       4 |  17.4
        D:5 |     714 |     524 |  42.3 |      26 |       3 |  10.3
        D:6 |    1904 |    1109 |  36.8 |      38 |       8 |  17.4
        D:7 |    1143 |     935 |  45.0 |      32 |       5 |  13.5
        D:8 |     556 |     938 |  62.8 |      16 |       1 |   5.9
        D:9 |    3015 |     439 |  12.7 |      29 |       1 |   3.3
       D:10 |    2238 |    1032 |  31.6 |      34 |       4 |  10.5
       D:11 |    6474 |    1814 |  21.9 |      49 |      16 |  24.6
     Lair:1 |    6413 |    1712 |  21.1 |      24 |      11 |  31.4
     Lair:2 |    1677 |    3664 |  68.6 |       9 |      30 |  76.9
     Lair:3 |    4917 |     468 |   8.7 |      18 |       2 |  10.0
     Lair:4 |    7787 |    2500 |  24.3 |      25 |       8 |  24.2
     Lair:5 |    4547 |    3229 |  41.5 |      21 |      11 |  34.4
     Lair:6 |    4682 |    9959 |  68.0 |      30 |      28 |  48.3
      Orc:1 |    2209 |       0 |   0.0 |      32 |       0 |   0.0
      Orc:2 |     572 |       0 |   0.0 |       6 |       0 |   0.0
    Ossuary |       0 |     395 | 100.0 |       0 |      39 | 100.0
      IceCv |       0 |    3099 | 100.0 |       0 |      11 | 100.0
    Volcano |       0 |    1663 | 100.0 |       0 |      12 | 100.0
   Gauntlet |       0 |    1811 | 100.0 |       0 |       3 | 100.0
            +---------+---------+-------+---------+---------+-------
